 Dungeon Crawl Stone Soup version 0.15.2 (webtiles) character file.

28 bullock the Magician (level 3, -1/19 HPs)
             Began as a Gargoyle Wizard on Nov 26, 2014.
             Slain by an adder (2 damage)
             ... on Level 2 of the Dungeon.
             The game lasted 00:03:11 (1097 turns).

bullock the Magician (Gargoyle Wizard)              Turns: 1097, Time: 00:03:11

HP  -1/19        AC  6     Str 10      XL: 3   Next: 12%
MP   0/8         EV 10     Int 19      God:
Gold 64          SH  0     Dex  8      Spells:  3 memorised,  3 levels left

rFire  . . .     SeeInvis .     g - +0 dagger
rCold  . . .     Clarity  .     h - +0 leather armour
rNeg   + . .     rCorr    .     (no shield)
rPois  +         rRot     +     (no helmet)
rElec  +         Spirit   .     (no cloak)
SustAb .         Warding  .     (no gloves)
rMut   .         Stasis   .     (no boots)
Gourm  .                        (no amulet)
MR     .....                    (no ring)
                                e - ring of wizardry

@: repel missiles, not resistant to hostile enchantments, very unstealthy
A: negative energy resistance 1, electricity resistance, unbreathing,
petrification resistance, rot immunity, AC +3
a: no special abilities


You were on level 2 of the Dungeon.
You were hungry.

You visited 1 branch of the dungeon, and saw 2 of its levels.

You collected 64 gold pieces.

Inventory:

Hand weapons
 g - a +0 dagger (weapon)
Armour
 h - a +0 leather armour (worn)
Comestibles
 d - 2 bread rations
Scrolls
 b - 2 scrolls of identify {unknown}
 f - 2 scrolls of remove curse {unknown}
 i - a scroll of recharging {unknown}
 j - a scroll of noise {unknown}
 l - a scroll of amnesia {unknown}
Jewellery
 e - a ring of wizardry (left hand)
Potions
 a - a potion of brilliance {unknown}
 k - a potion of curing {unknown}
Books
 c - a book of Minor Magic

   Spells                             Type                      Level
   *Magic Dart                        Conjuration                  1
   *Blink                             Translocation                2
   Call Imp                           Summoning                    2
   *Repel Missiles                    Charms/Air                   2
   Slow                               Hexes                        2
   Conjure Flame                      Conjuration/Fire             3
   Mephitic Cloud                     Conjuration/Poison/Air       3


   Skills:
 - Level 1.5 Dodging
 - Level 2.1 Stealth
 + Level 3.2 Spellcasting
 * Level 2.9 Conjurations
   Level 0.8 Summonings
 - Level 0.8 Translocations


You had 3 spell levels left.
You knew the following spells:

 Your Spells              Type           Power        Failure   Level  Hunger
a - Magic Dart            Conj           ##..         2%          1    None
q - Blink                 Tloc           N/A          7%          2    ##.....
v - Repel Missiles        Chrm/Air       #.....       10%         2    ##.....


Dungeon Overview and Level Annotations

Branches:
Dungeon (2/15)

Altars:


Innate Abilities, Weirdness & Mutations

You are resistant to torment.
You are immune to poison.
Your stone body is very resilient (AC +3).
You resist negative energy.
You are resistant to electric shocks.
You can survive without breathing.
You are immune to petrification.
You are immune to rotting.


Message History

The adder is almost dead.
The adder misses you. The adder bites you.
* * * LOW HITPOINT WARNING * * *
You completely miss the adder.
The adder is almost dead.
The adder barely misses you.
You barely miss the adder.
The adder is almost dead.
The adder bites you but does no damage.
You barely miss the adder.
The adder is almost dead.
The adder barely misses you. The adder bites you.
* * * LOW HITPOINT WARNING * * *
You miss the adder.
The adder is almost dead.
The adder closely misses you.
You closely miss the adder.
The adder is almost dead.
The adder bites you.
You die...

#.......#...###...#......####
..###.#...........###...).....#
...... #.......###.......#...#.#
....####............)....#...# #
....#....................#...#
........................##.#.#
#.##......#......#.#.##.# ....
#..............#.#.#.........
#.........#...@#.#.#...... .
#...).....#.###S...#.####
#..................#. .# .
#...##.......###.....###.##.)..#
.... #.......###.#...((......#
.(. #...........#....(K#....#
... #####.....###......# .....
............##......#......
#..........##.............


You could see an adder.

Vanquished Creatures
  A giant gecko (D:1)
  A bat (D:1)
  2 giant cockroaches (D:1)
  5 hobgoblins
  4 giant newts
  3 goblins
  6 kobolds
  3 rats (D:1)
25 creatures vanquished.

Vanquished Creatures (others)
  4 toadstools (D:1)
4 creatures vanquished.

Grand Total: 29 creatures vanquished

Notes
Turn   | Place    | Note
--------------------------------------------------------------
     0 | D:1      | bullock, the Gargoyle Wizard, began the quest for the Orb.
     0 | D:1      | Reached XP level 1. HP: 10/10 MP: 4/4
   381 | D:1      | Reached XP level 2. HP: 10/15 MP: 0/6
   479 | D:1      | Learned a level 2 spell: Blink
   482 | D:1      | Learned a level 2 spell: Repel Missiles
   950 | D:2      | Reached XP level 3. HP: 19/19 MP: 1/8
  1097 | D:2      | Slain by an adder

Action                   || total
-------------------------++-------
Melee: Dagger            ||    46
       Unarmed           ||     5
 Cast: Magic Dart        ||    63
       Repel Missiles    ||     1
 Stab: Sleeping          ||     1
